Map: Ruins of Seras

Players

llllllllllll

  • Race: Protoss Protoss
  • League: Master

State - Winner!

  • Race: Protoss Protoss
  • League: Grandmaster

VOD

Have the link to the VOD?

Description

Time

  • Played on: Nov. 25, 2015, 1:20 a.m.
  • Length: 13:38
Show
View Real Time Build Order
Export as new Build Order

llllllllllll Protoss 

Build Orders: Nexus First, Dark Templar Rush 

Get SALT Encoding   

  12  0:01  Probe (Chrono Boost)  
  13  0:11  Probe (Chrono Boost)  
  14  0:17  Pylon  
  14  0:22  Probe (Chrono Boost)  
  15  0:36  Probe (Chrono Boost)  
  16  0:46  Probe (Chrono Boost)  
  17  0:59  Nexus  
  17  1:09  Gateway  
  17  1:12  Probe (Chrono Boost)  
  17  1:17  Assimilator  
  18  1:23  Probe (Chrono Boost)  
  19  1:30  Gateway  
  19  1:34  Probe (Chrono Boost)  
  20  1:44  Probe (Chrono Boost)  
  21  1:50  Assimilator  
  21  1:55  Probe (Chrono Boost)  
  21  1:56  Cybernetics Core  
  22  2:05  Probe (Chrono Boost)  
  23  2:12  Probe (Chrono Boost)  
  24  2:16  Probe (Chrono Boost)  
  26  2:23  Probe (Chrono Boost)  
  26  2:26  Probe (Chrono Boost)  
  27  2:32  Adept x2 (Chrono Boost)  
  27  2:33  Probe  
  27  2:34  Warp Gate  
  32  2:41  Probe  
  33  2:45  Mothership Core (Chrono Boost)  
  33  2:46  Pylon  
  35  2:53  Probe (Chrono Boost)  
  35  2:58  Pylon  
  36  3:04  Probe (Chrono Boost)  
  37  3:06  Probe (Chrono Boost)  
  37  3:09  Twilight Council  
  38  3:15  Probe (Chrono Boost)  
  38  3:16  Probe (Chrono Boost)  
  38  3:17  Stalker  
  42  3:22  Stalker  
  42  3:26  Probe (Chrono Boost)  
  45  3:31  Probe (Chrono Boost)  
  45  3:33  Pylon  
  46  3:36  Probe (Chrono Boost)  
  48  3:41  Probe (Chrono Boost)  
  48  3:47  Probe (Chrono Boost)  
  49  3:50  Dark Shrine  
  49  3:52  Probe (Chrono Boost)  
  49  3:53  Gateway  
  48  3:57  Probe (Chrono Boost)  
  48  4:02  Probe (Chrono Boost)  
  50  4:09  Probe (Chrono Boost)  
  51  4:10  Blink (Chrono Boost)  
  51  4:12  Gateway  
  51  4:13  Probe (Chrono Boost)  
  51  4:14  Gateway  
  52  4:18  Assimilator  
  52  4:19  Probe (Chrono Boost)  
  52  4:22  Probe, Assimilator  
  54  4:26  Pylon  
  54  4:33  Robotics Facility  
  54  4:35  Probe  
  53  4:39  Probe  
  54  4:46  Pylon  
  54  4:48  Probe, Pylon  
  54  4:51  Stalker  
  54  4:52  Stalker  
  59  4:55  Pylon  
  59  5:02  Pylon  
  59  5:07  Dark Templar  
  59  5:09  Dark Templar  
  57  5:21  Probe x2  
  57  5:33  Probe  
  57  5:34  Probe  
  59  5:45  Probe  
  59  5:48  Probe  
  59  5:52  Warp Prism  
  61  5:57  Nexus, Charge  
  61  5:58  Pylon  
  59  6:05  Stalker x3  
  59  6:06  Stalker  
  67  6:20  Probe x2, Pylon  
  69  6:27  Gateway  
  69  6:29  Gateway  
  70  6:32  Observer (Chrono Boost)  
  70  6:40  Probe  
  70  6:43  Probe  
  72  6:51  Observer (Chrono Boost)  
  72  6:52  Stalker  
  72  6:53  Stalker x2, Probe  
  80  6:54  Forge  
  80  7:04  Stalker x2  
  80  7:05  Probe  
  80  7:06  Probe  
  86  7:19  Stalker  
  86  7:20  Stalker  
  89  7:22  Probe  
  89  7:24  Probe x2  
  89  7:29  Immortal (Chrono Boost)  
  91  7:34  Probe  
  96  7:39  Probe  
  96  7:40  Probe  
  96  7:43  Protoss Ground Weapons Level 1 (Chrono Boost)  
  96  7:44  Gateway x2  
  98  7:47  Probe, Gateway  
  98  7:49  Templar Archives  
  98  7:50  Probe  
  99  7:54  Sentry x2  
  104  8:02  Probe  
  104  8:03  Probe, Assimilator  
  104  8:04  Probe, Assimilator  
  104  8:05  Pylon  
  107  8:07  Immortal (Chrono Boost)  
  111  8:18  Adept x4  
  119  8:23  Pylon  
  109  8:46  Warp Prism (Chrono Boost)  
  111  8:50  High Templar x2  
  111  8:51  Zealot, High Templar x2  
  111  8:52  Zealot x4  
  129  9:06  Zealot, Archon  
  129  9:07  Archon  
  131  9:16  Pylon  
  130  9:18  Pylon  
  130  9:19  High Templar x3  
  130  9:20  High Templar  
  130  9:23  Zealot x4  
  130  9:24  Zealot  
  148  9:26  Archon  
  148  9:27  Archon  
  146  9:37  Warp Prism (Chrono Boost)  
  148  9:53  Zealot  
  148  9:54  Zealot  
  148  9:55  Zealot x4  
  148  9:56  Zealot x2, Robotics Bay  
  148  9:58  Robotics Facility  
  164  10:02  Protoss Ground Weapons Level 2 (Chrono Boost)  
  164  10:10  Nexus, Pylon  
  164  10:11  Pylon  
  164  10:13  Pylon  
  164  10:33  Zealot x2  
  164  10:34  Zealot x6  
  164  10:35  Zealot x2  
  176  10:38  Immortal  
  170  10:53  Disruptor  
  170  10:54  High Templar x2  
  170  10:55  High Templar x2  
  165  10:57  High Templar x2  
  165  10:59  Zealot x3  
  165  11:01  Zealot  
  165  11:03  Archon x2  
  161  11:04  Archon  
  153  11:13  Probe x3  
  150  11:23  Zealot x3  
  156  11:27  Disruptor (Chrono Boost)  
  156  11:29  Disruptor (Chrono Boost)  
  162  11:34  Probe  
  163  11:46  High Templar  
  163  11:47  Zealot x2, High Templar  
  167  11:48  Zealot x2  
  167  11:53  Photon Cannon  
  175  11:55  Photon Cannon  
  175  11:56  Assimilator  
  175  11:58  Pylon  
  175  12:01  Assimilator  
  173  12:05  Archon  
  169  12:14  Disruptor (Chrono Boost)  
  169  12:15  Disruptor (Chrono Boost)  
  172  12:25  High Templar x2  
  172  12:27  Zealot  
  172  12:28  Zealot x4  
  186  12:30  Archon  
  152  12:46  Disruptor (Chrono Boost)  
  150  12:52  Zealot x3  
  150  12:53  Zealot x3  
  156  13:12  Zealot x2  
  104  13:13  Zealot x6  
  104  13:14  Zealot x2  
Show
View Real Time Build Order
Export as new Build Order

State Protoss - Winner!

Build Orders: 1 Gate Expand, Blink Stalkers 

Get SALT Encoding   

  12  0:00  Probe (Chrono Boost)  
  13  0:11  Probe (Chrono Boost)  
  14  0:20  Pylon  
  14  0:22  Probe (Chrono Boost)  
  15  0:38  Probe (Chrono Boost)  
  15  0:40  Gateway  
  16  0:43  Assimilator  
  16  0:49  Probe (Chrono Boost)  
  17  0:59  Probe (Chrono Boost)  
  18  1:10  Probe (Chrono Boost)  
  19  1:20  Nexus  
  19  1:25  Probe (Chrono Boost)  
  20  1:35  Cybernetics Core  
  20  1:39  Probe (Chrono Boost)  
  21  1:44  Assimilator  
  21  1:49  Probe (Chrono Boost)  
  22  1:54  Pylon  
  22  2:00  Probe (Chrono Boost)  
  23  2:12  Adept  
  23  2:13  Mothership Core (Chrono Boost)  
  23  2:15  Warp Gate  
  27  2:31  Probe (Chrono Boost)  
  27  2:34  Twilight Council  
  27  2:35  Probe (Chrono Boost)  
  29  2:40  Adept  
  29  2:42  Probe (Chrono Boost)  
  32  2:45  Probe (Chrono Boost)  
  33  2:53  Probe (Chrono Boost), Pylon  
  33  2:57  Probe (Chrono Boost)  
  35  3:04  Probe (Chrono Boost)  
  36  3:06  Probe (Chrono Boost), Blink (Chrono Boost)  
  37  3:15  Probe  
  37  3:16  Probe  
  39  3:27  Probe  
  39  3:28  Probe  
  39  3:29  Robotics Facility  
  40  3:39  Probe x2  
  40  3:50  Probe  
  40  3:51  Probe  
  42  4:00  Probe  
  43  4:03  Probe  
  43  4:08  Pylon  
  43  4:11  Probe, Assimilator  
  43  4:13  Assimilator  
  43  4:15  Probe  
  43  4:16  Warp Prism (Chrono Boost)  
  45  4:23  Probe  
  48  4:27  Gateway  
  48  4:29  Gateway  
  48  4:32  Probe, Adept  
  48  4:35  Probe  
  52  4:45  Probe  
  53  4:47  Resonating Glaives  
  53  4:48  Probe  
  54  4:54  Gateway x2  
  54  4:57  Pylon  
  54  4:58  Probe  
  55  5:00  Probe  
  55  5:03  Observer (Chrono Boost)  
  55  5:04  Sentry  
  59  5:07  Pylon  
  59  5:14  Probe  
  59  5:15  Probe  
  62  5:21  Observer (Chrono Boost)  
  62  5:38  Stalker  
  62  5:39  Probe x2  
  62  5:42  Gateway  
  62  5:49  Immortal (Chrono Boost)  
  62  5:51  Probe  
  62  5:52  Probe  
  63  6:04  Probe x2  
  64  6:16  Probe x2, Adept  
  68  6:19  Stalker  
  68  6:20  Stalker  
  74  6:35  Immortal (Chrono Boost), Robotics Bay  
  76  6:46  Stalker x3, Forge  
  72  6:52  Pylon  
  72  6:55  Pylon  
  72  7:01  Pylon x2  
  71  7:13  Stalker x3  
  77  7:21  Disruptor (Chrono Boost)  
  77  7:25  Probe x2, Protoss Ground Weapons Level 1 (Chrono Boost)  
  82  7:31  Stalker x2  
  86  7:37  Probe  
  86  7:41  Probe  
  87  7:49  Gateway  
  87  7:51  Gateway  
  87  7:53  Observer Gravitic Boosters  
  87  7:55  Probe  
  87  7:57  Photon Cannon  
  87  7:58  Disruptor  
  90  8:09  Pylon x2  
  90  8:14  Stalker x2  
  94  8:20  Photon Cannon  
  94  8:39  Warp Prism  
  94  8:41  Stalker x3  
  99  8:44  Probe  
  99  9:06  Nexus  
  99  9:09  Pylon  
  99  9:10  Disruptor  
  99  9:12  Probe x2  
  104  9:23  Pylon  
  104  9:24  Probe  
  105  9:26  Protoss Ground Weapons Level 2 (Chrono Boost)  
  94  9:47  Stalker x3, Disruptor  
  94  9:51  Templar Archives  
  100  9:57  Adept x3  
  109  10:09  Pylon  
  109  10:19  Disruptor  
  112  10:31  Stalker x4  
  112  10:34  Stalker x2  
  112  10:55  Zealot x2  
  112  10:56  Zealot x3  
  109  11:04  Disruptor  
  110  11:14  Probe  
  110  11:16  Probe  
  110  11:18  Probe  
  113  11:24  High Templar x2  
  113  11:25  Adept x5  
  121  11:30  Archon  
  123  11:34  Probe x2  
  125  11:46  Pylon x2  
  125  11:47  Pylon  
  125  11:59  Pylon  
  125  12:00  Photon Cannon  
  113  12:24  Adept x8  
  129  12:39  Disruptor  
  122  12:50  Stalker x2  
  122  12:51  Stalker x5  
  125  13:18  Stalker  
  125  13:19  Stalker x3  
  127  13:25  Stalker x2  
Tags
 
Add a new tag
Caveats
  • Supply blocks, unpowered buildings, or Contaminate may cause inaccurate times.
  • Supply counts are checked every 10 seconds.